 Dungeon Crawl Stone Soup version 0.20-a0-150-g0ef8409 (webtiles) character file.

101 FitzyFitz the Slasher (level 5, 41/41 HPs)
             Began as a Formicid Fighter on Nov 21, 2016.
             Got out of the dungeon alive.
             The game lasted 00:03:53 (1322 turns).

FitzyFitz the Slasher (Formicid Fighter)            Turns: 1322, Time: 00:03:54

Health: 41/41      AC:  8    Str: 22    XL:     5   Next: 4%
Magic:  5/5        EV:  8    Int:  7    God:
Gold:   87         SH:  9    Dex: 10    Spells: 4/4 levels left

rFire  . . .     SeeInvis +     a - +0 long sword
rCold  . . .     Gourm    .     b - +0 scale mail
rNeg   . . .     Faith    .     c - +0 shield
rPois  .         Spirit   .     (helmet unavailable)
rElec  .         Reflect  .     h - +0 cloak
rCorr  .         Harm     .     (no gloves)
MR     .....                    (no boots)
Stlth  ..........               (no amulet)
                                (no ring)
                                (no ring)

@: no status effects
A: permanent stasis, dig shafts and tunnels, four strong arms, antennae 3
a: Dig, Shaft Self


You escaped.
You were hungry.

You visited 1 branch of the dungeon, and saw 2 of its levels.

You collected 87 gold pieces.

Inventory:

Hand Weapons
 a - a +0 long sword (weapon)
Missiles
 e - 17 stones (quivered)
Armour
 b - a +0 scale mail (worn)
 c - a +0 shield (worn)
 h - a +0 cloak (worn)
Scrolls
 k - a scroll of remove curse {unknown}
 l - a scroll of noise {unknown}
 m - a scroll of amnesia {unknown}
 n - 2 scrolls of identify {unknown}
 p - 2 scrolls of teleportation {unknown}
Potions
 d - a potion of might
 g - 2 potions of heal wounds {unknown}
Comestibles
 f - 4 bread rations
 i - a meat ration
 o - 6 fruits


   Skills:
 - Level 3.2 Fighting
 + Level 4.8 Long Blades
 - Level 3.2 Armour
 - Level 3.6 Shields


You had 4 spell levels left.
You didn't know any spells.

Dungeon Overview and Level Annotations

Branches:
Dungeon (2/15)

Altars:
Uskayaw


Innate Abilities, Weirdness & Mutations

You cannot be hasted, slowed, berserked, paralysed or teleported.
You can dig through walls and to a lower floor.
Your four strong arms can wield two-handed weapons with a shield.
You have a pair of large antennae on your head. (SInv)


Message History

The giant cockroach is severely wounded.
The giant cockroach waves its antennae.
The giant cockroach bites you but does no damage. x2
You closely miss the giant cockroach.
The giant cockroach is severely wounded.
You block the giant cockroach's attack.
Your shield prevents you from hitting the giant cockroach.
The giant cockroach is severely wounded.
The giant cockroach bites you but does no damage.
You barely miss the giant cockroach.
The giant cockroach is severely wounded.
The giant cockroach completely misses you.
The giant cockroach bites you but does no damage.
You slash the giant cockroach!
You kill the giant cockroach!
There is an open door here.
There is an open door here.
There is a staircase leading out of the dungeon here.
Are you sure you want to leave the Dungeon?
This will make you lose the game!
You have escaped!

#.....#.#
#...# #
##...##.#
##..########
##'##..#
#.>........
#....##
###########
#.####
#..######
##.##...##
##.#.....#
#⌠.'..@..#
#..#.....#
#.###...##
#.# #####
#.# #.#
##'##
##...##
#.....#


There were no monsters in sight!

Vanquished Creatures
  3 gnolls (D:2)
  An adder (D:2)
  An ooze (D:2)
  3 dart slugs
  A worm (D:2)
  2 leopard geckos (D:2)
  A ball python (D:1)
  2 giant cockroaches
  8 goblins
  8 hobgoblins
  3 jackals (D:1)
  3 bats (D:2)
  5 frilled lizards
  4 kobolds
  3 rats
48 creatures vanquished.

Notes
Turn   | Place    | Note
-------+----------+-------------------------------------------
     0 | D:1      | FitzyFitz the Formicid Fighter began the quest for the Orb.
     0 | D:1      | Reached XP level 1. HP: 18/18 MP: 1/1
   190 | D:1      | Reached XP level 2. HP: 24/24 MP: 2/2
   294 | D:1      | Reached skill level 3 in Long Blades
   311 | D:1      | Reached XP level 3. HP: 27/29 MP: 3/3
   729 | D:2      | Found a hide-covered altar of Uskayaw.
   802 | D:2      | Reached skill level 4 in Long Blades
   802 | D:2      | Reached XP level 4. HP: 24/35 MP: 4/4
  1089 | D:2      | Reached XP level 5. HP: 38/41 MP: 5/5
  1322 | D:$      | Got out of the dungeon alive.

Vault maps used:
D:1:      noname_arrival_rooms_in_the_neighbourhood
D:2:      eat_drink_and_be_merry_uskayaw, first_bread, st_stairs_4

Skill      XL: |  1  2  3 |
---------------+----------+-----
Long Blades    | 3 4 |  4.8
Fighting       | |  3.2
Armour         | |  3.2
Shields        | |  3.6

Action                   |  1- 3 |  4- 6 || total
-------------------------+-------+-------++-------
Melee: Long sword        |   133 |    59 ||   192
  Eat: Chunk             |       |     1 ||     1
Armor: Scale mail        |    38 |    31 ||    69
Dodge: Dodged            |    47 |    18 ||    65
Block: Shield            |    61 |    36 ||    97
       Rpst.: Long sword |    24 |     6 ||    30
